 Dungeon Crawl Stone Soup version 0.17-a0-764-gd40c196 (webtiles) character file.

42 Pnognoglozu the Skirmisher (level 3, 0/29 HPs)
             Began as a Demonspawn Abyssal Knight on Apr 23, 2015.
             Was a Follower of Lugonu.
             Slain by Crazy Yiuf
             ... wielding a +3 quarterstaff of chaos
              (1 damage)
             ... on level 2 of the Dungeon.
             The game lasted 00:04:48 (1603 turns).

Pnognoglozu the Skirmisher (DsAK)                   Turns: 1603, Time: 00:04:48

Health: 0/29       AC:  6    Str: 12    XL:     3   Next: 35%
Magic:  0/5        EV: 11    Int: 13    God:    Lugonu [*.....]
Gold:   75         SH:  0    Dex: 13    Spells: 0 memorised, 2 levels left

rFire  . . .     SeeInvis .     a - +1 falchion
rCold  . . .     Clarity  .     b - +0 leather armour
rNeg   . . .     SustAb   .     (no shield)
rPois  .         Gourm    .     (no helmet)
rElec  .         Spirit   .     (no cloak)
rCorr  .         Warding  .     (no gloves)
rMut   .         Stasis   .     (no boots)
MR     .....                    (no amulet)
Stlth  +.........               (no ring)
                                (no ring)

@: lethally poisoned (0 -> -5), not resistant to hostile enchantments, very
unstealthy
A: thin metallic scales 2
a: Depart the Abyss, Renounce Religion


You were on level 2 of the Dungeon.
You worshipped Lugonu.
Lugonu was aware of your devotion.
You were not hungry.

You visited 1 branch of the dungeon, and saw 2 of its levels.
You visited the Abyss 1 time.

You collected 75 gold pieces.

Inventory:

Hand weapons
 a - a +1 falchion (weapon)
 h - a +1 dagger of protection
Armour
 b - a +0 leather armour (worn)
Scrolls
 e - 3 scrolls of remove curse {unknown}
 f - 2 scrolls of identify {unknown}
 k - a scroll of magic mapping {unknown}
 m - a scroll of amnesia {unknown}
 o - a scroll of noise {unknown}
 p - a scroll of blinking {unknown}
 t - a scroll of immolation {unknown}
Potions
 d - a potion of beneficial mutation {unknown}
 l - a potion of haste {unknown}
 n - a potion of magic {unknown}
 q - a potion of agility
 s - a potion of lignification {unknown}
Comestibles
 c - 2 bread rations
 g - a slice of pizza
 i - a beef jerky
 j - 4 fruits
 r - a meat ration


   Skills:
 + Level 3.2 Fighting
 + Level 2.2 Long Blades
 + Level 2.2 Armour
 + Level 1.4 Dodging
 + Level 3.0 Invocations


You had 2 spell levels left.
You didn't know any spells.

Dungeon Overview and Level Annotations

Branches:
Dungeon (2/15)

Altars:

Annotations:
D:2 Crazy Yiuf, Terence


Innate Abilities, Weirdness & Mutations

You are mostly covered in thin metallic scales (AC +3).


Message History

Crazy Yiuf hits you with a quarterstaff of chaos!
You feel your power leaking away.
You hit Crazy Yiuf.
Crazy Yiuf is moderately wounded.
Crazy Yiuf hits you with a quarterstaff of chaos.
You are poisoned.
You hit Crazy Yiuf but do no damage.
Crazy Yiuf is moderately wounded.
You feel sick. Crazy Yiuf barely misses you.
You hit Crazy Yiuf.
Crazy Yiuf is moderately wounded.
You feel sick.
Crazy Yiuf hits you with a quarterstaff of chaos!
* * * LOW HITPOINT WARNING * * *
Crazy Yiuf burns you.
* * * LOW HITPOINT WARNING * * *
You miss Crazy Yiuf.
Crazy Yiuf is moderately wounded.
Crazy Yiuf hits you with a quarterstaff of chaos.
You die...

#.# ... #.#
# ###
#######...#
#........#
#####
#.######...
#)..#
.........#
#...#
#.######.#
... #.# #g#
#<### #@##
#.#.. ##.#
#.#.# #.##
#.#.# ##.#
#.#.# ##.##
#.#.#
##...#
#.#.#
#....#
#.#.######
#....#
#........#
##..##


You could see Crazy Yiuf.

Vanquished Creatures
  An adder (D:2)
  An ooze (D:1)
  A giant cockroach (D:1)
  4 goblins
  4 hobgoblins (D:1)
  4 kobolds
  A ball python (D:1)
  6 bats
  5 giant newts
  4 rats (D:1)
31 creatures vanquished.

Notes
Turn   | Place    | Note
--------------------------------------------------------------
     0 | Abyss:1  | Pnognoglozu, the Demonspawn Abyssal Knight, began the quest for the Orb.
     0 | Abyss:1  | Reached XP level 1. HP: 18/18 MP: 2/2
   153 | Abyss:1  | Noticed a large abomination
   156 | Abyss:1  | Noticed a raiju
   160 | D:1      | Escaped the Abyss
   438 | D:1      | Reached skill level 1 in Dodging
   543 | D:1      | Acquired Lugonu's first power
   543 | D:1      | Gained mutation: You are partially covered in thin metallic scales (AC +2). [demonic ancestry]
   543 | D:1      | Reached XP level 2. HP: 21/24 MP: 3/3
  1148 | D:2      | Gained mutation: You are mostly covered in thin metallic scales (AC +3). [demonic ancestry]
  1148 | D:2      | Reached XP level 3. HP: 29/29 MP: 5/5
  1485 | D:2      | Noticed Terence
  1596 | D:2      | Noticed Crazy Yiuf
  1602 | D:2      | HP: 1/29 [Crazy Yiuf/quarterstaff of chaos (1)]
  1603 | D:2      | Slain by Crazy Yiuf

Action                   || total
-------------------------++-------
Melee: Falchion          ||    87
Invok: Depart the Abyss  ||     1
  Eat: Chunk             ||     2
